 Dungeon Sprint DCSS version 0.26.1-11-gd32895ea62 (webtiles) character file.

Game seed: 16986899323152466097

10181 Zeld the Earth Mage (level 11, -6/76 HPs)
             Began as a Gargoyle Earth Elementalist on June 14, 2021.
             Was a High Priest of Sif Muna.
             Mangled by a fire giant
             ... wielding a +1 great sword of flaming
              (8 damage)
             ... in the Dungeon (Sprint I: "Red Sonja").
             The game lasted 00:09:52 (8462 turns).

Zeld the Earth Mage (Gargoyle Earth Elementalist)   Turns: 8462, Time: 00:09:52

Health: -6/76      AC: 10    Str: 11    XL:     11   Next: 58%
Magic:  20/22      EV: 16    Int: 18    God:    Sif Muna [*****.]
Gold:   382        SH:  4    Dex: 10    Spells: 21/36 levels left

rFire    . . .     SeeInvis .   (no weapon)
rCold    . . .     Faith    .   j - +0 buckler
rNeg     + . .     Spirit   .   g - +0 troll leather armour
rPois    ∞         Reflect  .   (no helmet)
rElec    +         Harm     .   (no cloak)
rCorr    .         Rampage  .   (no gloves)
Will     .....     NoTele   +   (no boots)
Stlth    ++........             (no amulet)
HPRegen  0.00/turn              (no ring)
MPRegen  0.18/turn              (no ring)

@: no status effects
A: blurry vision 1, deformed body, deterioration 1, low mp 2, negative energy
resistance 1, electricity resistance, inhibited regeneration, weak 1,
unbreathing, petrification resistance, miasma immunity, AC +8
a: Renounce Religion, Channel Magic, Forget Spell, Divine Exegesis


You were in the Dungeon.
You worshipped Sif Muna.
Sif Muna was extremely pleased with you.
You visited 1 branch You collected 1030 gold pieces.
You spent 648 gold pieces at shops.

Inventory:

Missiles
 b - 6 stones (quivered)
Armour
 g - a +0 troll leather armour (worn)
 j - a +0 buckler (worn)
Scrolls
 a - a scroll of remove curse
 l - a scroll of enchant armour
Potions
 d - 8 potions of curing
 e - a potion of heal wounds
 f - a potion of haste
 k - a potion of flight
 n - a potion of invisibility


   Skills:
 - Level 12.0 Fighting
 - Level 10.0 Dodging
 - Level 5.0 Stealth
 - Level 4.0 Shields
 * Level 13.3 Spellcasting
 + Level 6.3 Conjurations
 - Level 1.0 Transmutations
 * Level 16.7 Earth Magic
 + Level 6.3 Invocations
 + Level 5.2 Evocations


You had 21 spell levels left.
You knew the following spells:

 Your Spells              Type           Power        Failure   Level
a - Sandblast             Erth           100%         0%          1
b - Passwall              Tmut/Erth      35%          1%          2
c - Stone Arrow           Conj/Erth      100%         1%          3
d - Petrify               Tmut/Erth      43%          1%          4
e - Lee's Rapid Deconstr  Erth           32%          1%          5

Your spell library contained the following spells:

 Spells                   Type           Power        Failure   Level
 Magic Dart               Conj           100%         1%          1
 Searing Ray              Conj           68%          1%          2
 Dazzling Flash           Conj/Hex       46%          6%          3
 Borgnjor's Vile Clutch   Necr/Erth      21%          7%          5
 Bolt of Magma            Conj/Fire/Erth 19%          9%          5
 Corpse Rot               Necr/Air       N/A          12%         2
 Ignite Poison            Fire/Tmut/Pois 13%          21%         3
 Fulminant Prism          Conj/Hex       11%          21%         4
 Iskenderun's Mystic Bla  Conj/Tloc      23%          21%         4
 Inner Flame              Hex/Fire       11%          22%         3
 Animate Dead             Necr           5%           58%         4
 Silence                  Hex/Air        5%           91%         5
 Starburst                Conj/Fire      11%          97%         6
 Freezing Cloud           Conj/Ice/Air   9%           99%         6
 Death Channel            Necr           5%           100%        6
 Simulacrum               Ice/Necr       5%           100%        6


Dungeon Overview and Level Annotations

Branches:
Dungeon (1/1)

Altars:
Cheibriados
Dithmenos
Elyvilon
Fedhas
Gozag
Hepliaklqana
Kikubaaqudgha
Makhleb
Nemelex Xobeh
Okawaru
Qazlal
Ru
Sif Muna
Trog
Uskayaw
Vehumet
Wu Jian
Xom
Yredelemnul
Zin
The Shining One
Jiyva
Lugonu

Shops:
D !:}?}![


Innate Abilities, Weirdness & Mutations

You are resistant to torment.
Your stone body is resilient. (AC +8)
You are immune to poison.
You resist negative energy. (rN+)
You are resistant to electric shocks. (rElec)
You can survive without breathing.
You are immune to petrification.
You are immune to miasma.
Scrolls take you a little longer to read.
Armour fits poorly on your strangely shaped body.
Your body sometimes deteriorates upon taking damage.
Your magical capacity is very low. (-20% MP)
You do not regenerate when monsters are visible.
You are weak. (Str -2)


Message History

Casting: Lee's Rapid Deconstruction (mildly dangerous; 1% risk of failure)
Confirm with . or Enter, or press ? or * to list all spells.
You can't see any susceptible monsters within range! (Use Z to cast anyway.)
You start resting.
A fire giant is nearby!
A fire giant is nearby!
A fire giant is nearby!
The fire giant shouts!
The fire giant gestures at you while chanting.
The fireball explodes!
The fireball engulfs you!!!
Ouch! That really hurt!
* * * LOW HITPOINT WARNING * * *
Casting: Lee's Rapid Deconstruction (mildly dangerous; 1% risk of failure)
Confirm with . or Enter, or press ? or * to list all spells.
Aiming: Passwall (safe; 1% risk of failure)
Press: ? - help, Dir - move target A rock wall.
You begin to meditate on the wall.
You continue meditating on the rock.
The fire giant hits you with a +1 great sword of flaming!
You die...

############################
..#__#..).).#.)#@C§§'C§§§.§+
..'^.'..#...##+#§####.§§.§##
#'#__####...+
#§#[###§§.##### #.####
#####ss+.#+#$###+#:$$## #.#
#+####^.$#y#.##$$$# _.+
#..$###..###$# ._#
+..$$$##.#A#$# #'##+###
#^...{#..###$# #.#...!###
###++##.##..$#


You could see a fire giant.

Vanquished Creatures
  Sonja (D)
  A deep troll (D)
  4 unseen horrors (D)
  A lindwurm (D)
  8 shining eyes (D)
  2 kobold demonologists (D)
  A slime creature (D)
  Sigmund (D)
  13 hogs (D)
  A yak (D)
  5 floating eyes (D)
  A swamp drake (D)
  An ogre (D)
  A jelly (D)
  Ijyb (D)
42 creatures vanquished.

Vanquished Creatures (others)
  A gargoyle (D)
  2 ballistomycete spores (D)
3 creatures vanquished.

Grand Total: 45 creatures vanquished

Notes
Turn   | Place    | Note
-------+----------+-------------------------------------------
     0 | D        | Zeld the Gargoyle Earth Elementalist began the quest for
                  | the Orb.
     0 | D        | Reached XP level 1. HP: 10/10 MP: 3/3
   202 | D        | Noticed Ijyb
   215 | D        | Killed Ijyb
   216 | D        | Reached skill level 1 in Transmutations
   216 | D        | Reached skill level 4 in Earth Magic
   216 | D        | Reached XP level 2. HP: 18/18 MP: 0/6
   216 | D        | Reached XP level 3. HP: 22/22 MP: 0/7
   369 | D        | Learned a level 2 spell: Passwall
   373 | D        | Learned a level 3 spell: Stone Arrow
   788 | D        | Noticed an ogre
   793 | D        | Killed an ogre
   794 | D        | Reached skill level 5 in Stealth
   794 | D        | Reached skill level 6 in Earth Magic
   794 | D        | Reached XP level 4. HP: 18/30 MP: 3/10
   799 | D        | Learned a level 4 spell: Petrify
  1027 | D        | Killed a gargoyle
  1115 | D        | Noticed Sigmund
  1183 | D        | Found a shimmering blue altar of Sif Muna.
  1194 | D        | Killed Sigmund
  1195 | D        | Reached skill level 5 in Dodging
  1195 | D        | Reached skill level 5 in Spellcasting
  1195 | D        | Reached skill level 7 in Earth Magic
  1195 | D        | Reached XP level 5. HP: 6/37 MP: 7/13
  1195 | D        | Reached XP level 6. HP: 7/42 MP: 7/14
  1201 | D        | Learned a level 5 spell: Lee's Rapid Deconstruction
  1637 | D        | Found an ornate altar of the Wu Jian Council.
  1660 | D        | Found a radiant altar of Vehumet.
  1665 | D        | Became a worshipper of Sif Muna the Loreminder
  1667 | D        | Reached skill level 8 in Earth Magic
  1862 | D        | Found Zywkynun's Magic Scroll Emporium.
  1862 | D        | Found an ancient bone altar of Kikubaaqudgha.
  1862 | D        | Found a hazy altar of Hepliaklqana.
  1862 | D        | Found a stormy altar of Qazlal.
  1862 | D        | Found a hide-covered altar of Uskayaw.
  1862 | D        | Found a blossoming altar of Fedhas.
  1862 | D        | Found a bloodstained altar of Trog.
  1862 | D        | Found an iron altar of Okawaru.
  1862 | D        | Found a basalt altar of Yredelemnul.
  1862 | D        | Found a glowing golden altar of the Shining One.
  1862 | D        | Found a snail-covered altar of Cheibriados.
  1862 | D        | Found a sacrificial altar of Ru.
  1862 | D        | Found a glowing silver altar of Zin.
  1862 | D        | Found a shadowy altar of Dithmenos.
  1862 | D        | Found a white marble altar of Elyvilon.
  1862 | D        | Noticed a yak
  1877 | D        | Killed a yak
  1878 | D        | Reached XP level 7. HP: 26/48 MP: 2/16
  1966 | D        | Found an opulent altar of Gozag.
  1967 | D        | Found a sparkling altar of Nemelex Xobeh.
  2020 | D        | Bought a scroll of enchant armour for 90 gold pieces
  2020 | D        | Bought a scroll of identify for 24 gold pieces
  2020 | D        | Bought a scroll of identify for 24 gold pieces
  2020 | D        | Bought a scroll of identify for 24 gold pieces
  2020 | D        | Bought a scroll of identify for 24 gold pieces
  2098 | D        | Noticed Sonja
  2102 | D        | Killed Sonja
  2102 | D        | Reached * piety under Sif Muna
  2103 | D        | Reached skill level 10 in Earth Magic
  2103 | D        | Reached XP level 8. HP: 56/56 MP: 4/20
  2373 | D        | Found Caz Nent's Distillery.
  2381 | D        | Bought a potion of curing for 42 gold pieces
  2381 | D        | Bought a potion of curing for 42 gold pieces
  2381 | D        | Bought a potion of invisibility for 112 gold pieces
  2381 | D        | Bought a potion of heal wounds for 70 gold pieces
  2381 | D        | Bought a potion of heal wounds for 70 gold pieces
  2381 | D        | Bought a potion of curing for 42 gold pieces
  2381 | D        | Bought a potion of curing for 42 gold pieces
  2381 | D        | Bought a potion of curing for 42 gold pieces
  2453 | D        | Noticed a shining eye
  2453 | D        | Noticed a shining eye
  2453 | D        | Noticed a shining eye
  2456 | D        | Noticed a shining eye
  2456 | D        | Noticed a shining eye
  2456 | D        | Noticed a shining eye
  2457 | D        | Paralysed by a floating eye for 4 turns
  2463 | D        | Paralysed by a floating eye for 3 turns
  2467 | D        | Paralysed by a floating eye for 3 turns
  2471 | D        | Killed a shining eye
  2472 | D        | Reached skill level 10 in Fighting
  2472 | D        | Reached skill level 11 in Earth Magic
  2472 | D        | Reached ** piety under Sif Muna
  2475 | D        | Killed a shining eye
  2476 | D        | Reached XP level 9. HP: 63/63 MP: 13/22
  2479 | D        | Gained mutation: Your magical capacity is low. (-10% MP) [a
                  | shining eye]
  2481 | D        | Gained mutation: You are weak. (Str -2) [a shining eye]
  2483 | D        | Paralysed by a floating eye for 3 turns
  2486 | D        | Gained mutation: Scrolls take you a little longer to read.
                  | [a shining eye]
  2488 | D        | Paralysed by a floating eye for 4 turns
  2493 | D        | Reached skill level 12 in Earth Magic
  2495 | D        | Killed a shining eye
  2498 | D        | Killed a shining eye
  2498 | D        | Reached *** piety under Sif Muna
  2499 | D        | Reached skill level 10 in Spellcasting
  2500 | D        | Killed a shining eye
  2500 | D        | Gained mutation: Your magical capacity is very low. (-20%
                  | MP) [a shining eye]
  2501 | D        | Reached skill level 13 in Earth Magic
  2501 | D        | Gained mutation: Armour fits poorly on your strangely
                  | shaped body. [a shining eye]
  2506 | D        | Killed a shining eye
  2507 | D        | Reached XP level 10. HP: 71/71 MP: 2/19
  2712 | D        | Noticed a shining eye
  2712 | D        | Noticed a shining eye
  2720 | D        | Killed a shining eye
  2720 | D        | Reached **** piety under Sif Muna
  2721 | D        | Reached skill level 10 in Dodging
  2721 | D        | Gained mutation: You do not regenerate when monsters are
                  | visible. [a shining eye]
  2723 | D        | Killed a shining eye
  2724 | D        | Reached skill level 14 in Earth Magic
  2879 | D        | Found Ijurghole's Gadget Shop.
  2879 | D        | Found Wuidun's Book Shoppe.
  2879 | D        | Found Piopigga's Distillery.
  2879 | D        | Found Milud's Gadget Emporium.
  3322 | D        | Found a burning altar of Makhleb.
  3322 | D        | Found a viscous altar of Jiyva.
  3322 | D        | Found a shimmering altar of Xom.
  3322 | D        | Found a corrupted altar of Lugonu.
  3327 | D        | Reached skill level 1 in Conjurations
  3639 | D        | Noticed a kobold demonologist
  3639 | D        | Noticed a kobold demonologist
  3641 | D        | Killed a kobold demonologist
  3642 | D        | Reached skill level 1 in Invocations
  3642 | D        | Reached skill level 1 in Evocations
  3648 | D        | Gained mutation: Your body sometimes deteriorates upon
                  | taking damage. [a neqoxec]
  3656 | D        | Noticed a rust devil
  3659 | D        | Killed a kobold demonologist
  3659 | D        | Reached ***** piety under Sif Muna
  3659 | D        | Received a gift from Sif Muna
  3905 | D        | Noticed a lindwurm
  3912 | D        | Killed a lindwurm
  3913 | D        | Reached skill level 15 in Earth Magic
  4177 | D        | Reached XP level 11. HP: 65/76 MP: 0/21
  4182 | D        | Identified Sif Muna's Reference Book on Igneous
                  | Weightlessness (Sif Muna gifted it to you in the Dungeon)
  4182 | D        | Received a gift from Sif Muna
  5526 | D        | Noticed a deep troll
  5529 | D        | Killed a deep troll
  5530 | D        | Reached skill level 5 in Conjurations
  5530 | D        | Reached skill level 16 in Earth Magic
  5530 | D        | Reached skill level 5 in Invocations
  6170 | D        | Found Viziss's Armour Emporium.
  7387 | D        | Noticed a daeva
  7392 | D        | Noticed an unseen horror
  7393 | D        | Noticed an unseen horror
  7393 | D        | Noticed an unseen horror
  7398 | D        | Noticed an unseen horror
  7403 | D        | Killed an unseen horror
  7403 | D        | Killed an unseen horror
  7403 | D        | Killed an unseen horror
  7403 | D        | Received a gift from Sif Muna
  7407 | D        | Reached skill level 5 in Evocations
  7904 | D        | Noticed an unseen horror
  7911 | D        | Killed an unseen horror
  8404 | D        | Noticed a fire giant
  8460 | D        | HP: 2/76 [fire giant/fireball (46)]
  8462 | D        | Mangled by a fire giant

Illustrated notes

Levels and vault maps discovered:
D:        dungeon_sprint_1 [red_sonja_temple_1, red_sonja_temple_small_1]

Skill      XL: |  1  2  3  4  5  6  7  8  9 10 11 |
---------------+----------------------------------+-----
Fighting       | 2 4 6 7 9 10 12 | 12.0
Dodging        | 2 3 5 7 8 9 10 | 10.0
Stealth        | 3 5 |  5.0
Spellcasting   | 3 4 5 6 8 9 10 12 13 | 13.3
Transmutations | 1 |  1.0
Earth Magic    | 4 6 7 8 10 11 13 15 16 | 16.7
Shields        | 3 4 |  4.0
Conjurations   | 3 6 |  6.3
Invocations    | 3 6 |  6.3
Evocations     | 3 5 |  5.2

Action                   |  1- 3 |  4- 6 |  7- 9 | 10-12 || total
-------------------------+-------+-------+-------+-------++-------
Melee: Unarmed           |     8 |     1 |       |    13 ||    22
 Cast: Sandblast         |     7 |     6 |    25 |    12 ||    50
       Passwall          |     2 |       |       |    15 ||    17
       Stone Arrow       |       |     4 |     5 |     7 ||    16
       Lee's Rapid Decon |       |       |       |    25 ||    25
Invok: Channel Magic     |       |       |       |     2 ||     2
 Abil: Stop Flying       |       |     4 |       |       ||     4
Evoke: Wand              |       |       |       |     2 ||     2
  Use: Potion            |     1 |       |       |     5 ||     6
       Scroll            |       |       |     2 |     4 ||     6
Armor: Robe              |     3 |     4 |     2 |    20 ||    29
       Troll leather arm |       |       |       |    10 ||    10
Dodge: Dodged            |     3 |     8 |     2 |    56 ||    69
Block: Buckler           |       |       |     2 |    14 ||    16
